 Dungeon Crawl Stone Soup version 0.21.1-1-g345015f (webtiles) character file.

77 shakethe the Skirmisher (level 4, -6/39 HPs)
             Began as a Barachi Fighter on Feb 24, 2018.
             Mangled by a gnoll
             ... wielding a +0 flail
              (8 damage)
             ... on level 2 of the Dungeon.
             The game lasted 00:01:17 (832 turns).

shakethe the Skirmisher (Barachi Fighter)            Turns: 832, Time: 00:01:17

Health: -6/39      AC:  8    Str: 17    XL:     4   Next: 33%
Magic:  4/4        EV:  7    Int:  9    God:
Gold:   84         SH:  9    Dex: 12    Spells: 3/3 levels left

rFire    . . .     SeeInvis .   a - +0 long sword
rCold    . . .     Gourm    .   c - +0 shield
rNeg     . . .     Faith    .   b - +0 scale mail
rPois    .         Spirit   .   g - +0 helmet
rElec    .         Reflect  .   (no cloak)
rCorr    .         Harm     .   (no gloves)
MR       .....                  (no boots)
Stlth    ..........             (no amulet)
HPRegen  0.13/turn              (no ring)
MPRegen  0.09/turn              (no ring)

@: slow
A: +LOS, swims, slowness 1, strong legs 1
a: Hop


You were on level 2 of the Dungeon.
You were hungry.

You visited 1 branch of the dungeon, and saw 2 of its levels.

You collected 84 gold pieces.

Inventory:

Hand Weapons
 a - a +0 long sword (weapon)
Missiles
 s - 2 throwing nets {=f, !d}
Armour
 b - a +0 scale mail (worn)
 c - a +0 shield (worn)
 g - a +0 helmet (worn)
   (You found it on level 1 of the Dungeon)
Jewellery
 l - an uncursed amulet of regeneration {unknown}
   (You found it on level 1 of the Dungeon)
 o - an uncursed ring of flight {unknown}
   (You found it on level 1 of the Dungeon)
Wands
 r - a wand of random effects (35)
   (You found it on level 2 of the Dungeon)
Scrolls
 e - 2 scrolls of remove curse {unknown}
 k - a scroll of amnesia {unknown}
 m - a scroll of teleportation {unknown}
 n - a scroll of identify {unknown}
Potions
 d - 3 potions of might
 h - a potion of curing {unknown}
 i - a potion of magic {unknown}
 j - a potion of heal wounds {unknown}
 p - 2 potions of cancellation {unknown}
 q - a potion of lignification {unknown}
Comestibles
 f - a ration


   Skills:
 + Level 5.0 Fighting
 + Level 4.1 Long Blades
 - Level 3.6 Armour
 - Level 3.3 Shields


You had 3 spell levels left.
You didn't know any spells.

Dungeon Overview and Level Annotations

Branches:
Dungeon (2/15)

Altars:


Innate Abilities, Weirdness & Mutations

Shadows flee at your approach. (+LOS)
You can swim through water.
You cover ground slowly.
You can hop short distances.


Message History

Found a stone staircase leading down.
No target in view!
No target in view!
No target in view!
No target in view!
No target in view!
No target in view!
No target in view!
A hobgoblin comes into view. It is wielding a club.
The hobgoblin moves out of view.
You now have 84 gold pieces (gained 15).
The hobgoblin hits you but does no damage.
You hit the hobgoblin.
The hobgoblin hits you but does no damage.
You closely miss the hobgoblin. The hobgoblin hits you with a club.
You block the hobgoblin's attack.
You take 2 damage, and have 29/31 hp.
You slash the hobgoblin!
You kill the hobgoblin!
No target in view!
No target in view!
No target in view!
No target in view!
No target in view!
No target in view!
No target in view!
Things that are here:
a club; a hobgoblin corpse No target in view!
No target in view!
No target in view!
A gnoll comes into view. It is wielding a spear.
The gnoll shouts!
You hear a shout!
Health restored: 31 The gnoll hits you from afar with a spear.
The gnoll hits you but does no damage.
A gnoll comes into view. It is wielding a flail.
You take 2 damage, and have 29/31 hp.
You block the gnoll's attack.
A bat, a gnoll and a kobold come into view.
You closely miss the gnoll.
The gnoll shouts!
You hear an angry hiss.
A frilled lizard comes into view.
You slash the gnoll! The gnoll barely misses you.
The bat hits you but does no damage. The gnoll hits you but does no damage.
Your shield and scale mail prevent you from hitting the gnoll.
The bat hits you but does no damage. The gnoll hits you with a spear!
You take 7 damage, and have 22/31 hp.
MASSIVE DAMAGE!!
The bat hits you but does no damage. You block the gnoll's attack.
The bat hits you but does no damage. You block the gnoll's attack.
You closely miss the bat. You block the bat's attack.
The gnoll barely misses you.
You slash the bat!
You kill the bat!
You block the gnoll's attack. x2
You block the gnoll's attack. x2
You see here a bat corpse.
You hit the gnoll. You block the gnoll's attack. x2
You hit the gnoll.
You kill the gnoll!
Your Long Blades skill increases to level 4!
You have reached level 4!
You feel agile. You block the gnoll's attack. x2
You regained 6 hp, and now have 28/38 hp.
MP restored: 4 You hit the gnoll.
You block the gnoll's attack. x2
You barely miss the gnoll. The gnoll hits you with a halberd!
The gnoll closely misses you.
You take 9 damage, and have 19/38 hp.
MASSIVE DAMAGE!!
You hit the gnoll. The gnoll hits you but does no damage.
The gnoll hits you with a flail.
You take 3 damage, and have 16/38 hp.
You barely miss the gnoll. You block the gnoll's attack.
The gnoll hits you with a flail!
* * * LOW HITPOINT WARNING * * *
You take 7 damage, and have 9/38 hp.
You are feeling hungry.
Your shield and scale mail prevent you from hitting the gnoll.
You block the gnoll's attack. The gnoll hits you with a flail.
* * * LOW HITPOINT WARNING * * *
You take 6 damage, and have 3/38 hp.
Unknown command.
You are too injured to fight recklessly!
Unknown command.
Unknown command.
Okay, then.
You slash the gnoll!
You kill the gnoll!
Your Fighting skill increases to level 5!
The gnoll hits you but does no damage. The kobold closely misses you.
You riposte.
You closely miss the kobold. You hit the gnoll.
The gnoll hits you with a flail.
* * * LOW HITPOINT WARNING * * *
The kobold closely misses you.
You take 2 damage, and have 2/39 hp.
You hit the gnoll. The gnoll hits you with a flail!
You die...

..# ... ..... ..# ... ... ..# ..
(.. ## ..# l.... .. ..# g#.# ..
..# ## ..# .# #.# .# . #l##.# #.#
..# ... #Kg..# ..###
..#....##@#......##.....##
#...###.##..###..#..............#
#.#.....#...##..#................
#.###.......##.##................
#.##..#.........#................
................#................
...#.............................
...).............................
#†#).............#........).....#


You could see a gnoll, a kobold and a frilled lizard.

Vanquished Creatures
  2 gnolls (D:2)
  An adder (D:2)
  A dart slug (D:1)
  8 bats
  4 giant cockroaches (D:1)
  5 goblins
  8 hobgoblins
  2 jackals (D:2)
  2 frilled lizards
  5 kobolds (D:1)
  2 rats (D:1)
40 creatures vanquished.

Notes
Turn   | Place    | Note
-------+----------+-------------------------------------------
     0 | D:1      | shakethe the Barachi Fighter began the quest for the Orb.
     0 | D:1      | Reached XP level 1. HP: 18/18 MP: 1/1
    59 | D:1      | Reached XP level 2. HP: 22/25 MP: 2/2
    71 | D:1      | Reached skill level 4 in Fighting
    79 | D:1      | Reached skill level 3 in Long Blades
   414 | D:1      | Reached XP level 3. HP: 30/30 MP: 3/3
   617 | D:1      | You fall through a shaft!
   824 | D:2      | Reached skill level 4 in Long Blades
   824 | D:2      | Reached XP level 4. HP: 27/38 MP: 4/4
   828 | D:2      | HP: 9/38 [gnoll/flail (7)]
   829 | D:2      | HP: 3/38 [gnoll/flail (6)]
   830 | D:2      | Reached skill level 5 in Fighting
   832 | D:2      | Mangled by a gnoll

Skill      XL: |  1  2  3  4 |
---------------+-------------+-----
Fighting       | 4 5 |  5.0
Long Blades    | 3 4 |  4.1
Armour         | |  3.6
Shields        | |  3.3

Action                   |  1- 3 |  4- 6 || total
-------------------------+-------+-------++-------
Melee: Long sword        |   140 |     8 ||   148
Armor: Scale mail        |   111 |       ||   111
Dodge: Dodged            |    60 |     3 ||    63
Block: Shield            |   110 |     6 ||   116
       Rpst.: Long sword |    23 |     1 ||    24

Vault maps used:
D:1:      minmay_arrival_arboretum_small

Table legend:
 A = Turns spent in this place as a percentage of turns spent in the entire game.
 B = Non-inter-level travel turns spent in this place as a percentage of non-inter-level travel turns spent in the entire game.
 C = Inter-level travel turns spent in this place as a percentage of turns spent in this place.
 D = Turns resting spent in this place as a percentage of non-inter-level travel turns spent in this place.
 E = Turns spent auto-exploring this place as a percentage of non-inter-level travel turns spent in this place.
 F = Non-inter-level travel turns spent in this place divided by the number of levels of this place that you've seen.
                   A       B       C       D       E      F
               +-------+-------+-------+-------+-------+----------------------
         Total | 100.0 | 100.0 |   0.0 |  22.6 |  44.1 | 416.0
       Dungeon | 100.0 | 100.0 |   0.0 |  22.6 |  44.1 | 416.0
               +-------+-------+-------+-------+-------+----------------------

Table legend:
 A = Kills in this place as a percentage of kills in entire the game.
 B = Kills by you in this place as a percentage of kills by you in the entire game.
 C = Kills by friends in this place as a percentage of kills by friends in the entire game.
 D = Other kills in this place as a percentage of other kills in the entire game.
 E = Experience gained in this place as a percentage of experience gained in the entire game.
 F = Experience gained in this place divided by the number of levels of this place that you have seen.
                   A       B       C       D       E      F
               +-------+-------+-------+-------+-------+----------------------
         Total | 100.0 | 100.0 |   N/A |   N/A | 100.0 |  55.0
       Dungeon | 100.0 | 100.0 |   N/A |   N/A | 100.0 |  55.0
               +-------+-------+-------+-------+-------+----------------------
